 Dungeon Crawl Stone Soup version 0.27.1-1-g398f81649c (webtiles) character file.

Game seed: 16821307499200838243

765 diana the Ducker (level 8, -6/58 HPs)
             Began as a Djinni Fire Elementalist on Sept 17, 2021.
             Shot with an arrow by a centaur (7 damage)
             ... on level 6 of the Dungeon.
             The game lasted 00:08:15 (8051 turns).

diana the Ducker (Djinni Fire Elementalist)         Turns: 8051, Time: 00:08:16

Health: -6/58      AC:  6    Str:  7    XL:     8   Next: 8%
Gold:   146        EV: 14    Int: 18    God:
                   SH:  0    Dex: 15

rFire    + + .     SeeInvis .   u - +2 dagger (flame)
rCold    . . .     Faith    .   (no shield)
rNeg     . . .     Spirit   .   a - +0 robe
rPois    ∞         Reflect  .   (no helmet)
rElec    .         Harm     .   h - +2 cloak
rCorr    .         Rampage  .   o - +0 pair of gloves
Will     .....                  (boots unavailable)
Stlth    ++........             (no amulet)
HPRegen  0.19/turn              f - ring of protection from cold
MPRegen  0.00/turn              (no ring)

@: flying
A: sickness immunity, fire resistance 2, cold vulnerability 1, float, innate
caster, hp casting, extra vitality 1
a: no special abilities


You were on level 6 of the Dungeon.
You visited 1 branch of the dungeon, and saw 6 of its levels.

You collected 185 gold pieces.
You spent 39 gold pieces at shops.

Inventory:

Hand Weapons
 g - a +0 short sword
 u - a +2 dagger of flaming (weapon)
Missiles
 d - a throwing net
Armour
 a - a +0 robe (worn)
 h - a +2 cloak (worn)
 o - a +0 pair of gloves (worn)
Jewellery
 f - a ring of protection from cold (left hand)
Wands
 w - a wand of flame (25)
Scrolls
 b - a scroll of amnesia {unknown}
 c - 2 scrolls of enchant weapon {unknown}
 e - a scroll of torment {unknown}
 k - 5 scrolls of teleportation
 l - a scroll of noise {unknown}
 m - a scroll of fear {unknown}
 n - a scroll of vulnerability {unknown}
 p - 3 scrolls of identify {unknown}
 r - a scroll of magic mapping {unknown}
 s - a scroll of fog {unknown}
 v - a scroll of enchant armour {unknown}
Potions
 i - 2 potions of curing {unknown}
 j - a potion of might {unknown}
 q - a potion of berserk rage {unknown}
 t - a potion of mutation {unknown}
 x - a potion of magic


   Skills:
 + Level 4.5 Fighting
 + Level 5.7 Dodging
 - Level 1.5 Stealth
 + Level 4.3 Spellcasting


You couldn't memorise any spells.
You knew the following spells:

 Your Spells              Type           Power      Damage    Failure   Level
a - Foxfire               Conj/Fire      76%        2x1d7     2%          1
b - Conjure Flame         Conj/Fire      19%        6-21      7%          3
c - Inner Flame           Hex/Fire       19%        N/A       7%          3
d - Sticky Flame          Conj/Fire      19%        2d4       24%         4
e - Fireball              Conj/Fire      9%         3d6       54%         5
f - Apportation           Tloc           38%        N/A       2%          1
g - Slow                  Hex            19%        N/A       3%          2
h - Wereblood             Tmut           19%        N/A       3%          2
Your spell library was empty.

Dungeon Overview and Level Annotations

Branches:
Dungeon (6/15)
 Temple: D:4-7

Altars:
Cheibriados
Hepliaklqana
Makhleb
Okawaru
Ru
Sif Muna
Vehumet
Xom

Shops:
D:3 ?   D:6 *


Innate Abilities, Weirdness & Mutations

You are immune to sickness and miasma.
You are immune to poison.
Your flesh is very heat resistant. (rF++)
You are vulnerable to cold. (rC-)
You float through the air rather than walking.
You learn spells naturally, not from books.
Your magical power is your life essence.
You have superior vitality. (+4 HP)


Message History

You conjure some foxfire!
The jelly hits you but does no damage.
Unknown command.
You conjure some foxfire!
The foxfire hits the jelly.
The jelly is severely wounded.
The foxfire hits the jelly!
You kill the jelly!
The centaur shoots an arrow.
The arrow hits you!
The bullfrog skeleton hits you but does no damage.
The centaur shoots an arrow.
The arrow hits you!
You are too injured to fight recklessly!
You are too injured to fight recklessly!
Unknown command.
You are too injured to fight recklessly!
The foxfire hits the bullfrog skeleton.
The bullfrog skeleton is heavily damaged.
The foxfire hits the bullfrog skeleton.
The bullfrog skeleton is severely damaged.
The centaur shoots an arrow.
The arrow hits you.
* * * LOW HITPOINT WARNING * * *
The bullfrog skeleton closely misses you.
Found Dedy's Elemental Accessories.
The centaur shoots an arrow.
The arrow hits you!
* * * LOW HITPOINT WARNING * * *
The centaur shoots an arrow.
The arrow hits you.
* * * LOW HITPOINT WARNING * * *
The centaur shoots an arrow.
The arrow hits you.
* * * LOW HITPOINT WARNING * * *
Okay, then.
It was a potion of magic.
Magic washes over you without effect.
The centaur shoots an arrow.
The arrow hits you!
You die...

.≈. ... §.∩. .....
#######...≈.
#...........
#...........
#..^@....###
#...Z.......
#.###........###
#....(.......#
#.###........#
#.c........############
#.#.##.###.#...........
#.#.##.# #.#.#########.
#.#.##.# #.#.........#.


You could see a centaur and a bullfrog skeleton.

Vanquished Creatures
  A black bear (D:5)
  An ogre (D:4)
  3 scorpions (D:5)
  2 hounds
  2 jellies
  An orc wizard (D:5)
  A hound skeleton (D:4)
  A mummy (D:4)
  2 howler monkey zombies
  10 adders
  A gnoll (D:6)
  3 dart slugs
  13 orcs
  5 ball pythons
  9 bats
  11 endoplasms
  3 giant cockroaches
  6 goblins
  5 hobgoblins
  6 jackals
  7 kobolds
  5 quokkas
  3 frilled lizards
  7 rats
108 creatures vanquished.

Vanquished Creatures (collateral kills)
  4 foxfires (D:1)
4 creatures vanquished.

Vanquished Creatures (others)
  715 foxfires
715 creatures vanquished.

Grand Total: 827 creatures vanquished

Notes
Turn   | Place    | Note
-------+----------+-------------------------------------------
     0 | D:1      | diana the Djinni Fire Elementalist began the quest for the
                  | Orb.
     0 | D:1      | Reached XP level 1. HP: 15/15 MP: 0/0
   603 | D:1      | Reached XP level 2. HP: 19/22 MP: 0/0
  1120 | D:1      | Reached skill level 1 in Fighting
  1404 | D:1      | Reached XP level 3. HP: 24/27 MP: 0/0
  1404 | D:1      | Learned a level 1 spell: Apportation
  1507 | D:1      | Found a faded altar of an unknown god.
  2152 | D:2      | Reached skill level 3 in Dodging
  2414 | D:2      | Reached XP level 4. HP: 30/33 MP: 0/0
  3154 | D:2      | Found an iron altar of Okawaru.
  3613 | D:3      | Reached XP level 5. HP: 20/38 MP: 0/0
  3613 | D:3      | Learned a level 2 spell: Slow
  4103 | D:3      | Found Koafrom's Magic Scroll Boutique.
  4111 | D:3      | Bought a scroll of teleportation for 39 gold pieces
  4586 | D:3      | Reached skill level 4 in Dodging
  4982 | D:3      | Found a shimmering altar of Xom.
  4999 | D:3      | Reached XP level 6. HP: 37/45 MP: 0/0
  5247 | D:3      | Found a burning altar of Makhleb.
  5249 | D:3      | Noticed an Executioner
  5253 | D:3      | Noticed an orange demon
  5253 | D:3      | Noticed an orange demon
  5691 | D:4      | Found a sacrificial altar of Ru.
  6059 | D:4      | Noticed an ogre
  6068 | D:4      | Killed an ogre
  6233 | D:4      | Found a hazy altar of Hepliaklqana.
  6727 | D:4      | Reached XP level 7. HP: 45/50 MP: 0/0
  6727 | D:4      | Learned a level 2 spell: Wereblood
  6772 | D:4      | Found a snail-covered altar of Cheibriados.
  6964 | D:5      | Entered Level 5 of the Dungeon
  6999 | D:5      | Reached skill level 5 in Dodging
  7476 | D:5      | Reached XP level 8. HP: 54/58 MP: 0/0
  8049 | D:6      | Found Dedy's Elemental Accessories.
  8049 | D:6      | HP: 1/58 [centaur/arrow (6)]
  8051 | D:6      | Shot with an arrow by a centaur

Illustrated notes

Levels and vault maps discovered:
D:1:      onia_arrival_handbag, layout_basic,
          dreamdust_ecumenical_altar_sealed_demon
D:2:      layout_loops_ring, basic_altar, minmay_bisected
D:3:      layout_basic, mainiacjoe_overflow_cross_hatched,
          makhleb_altar_promises_db, serial_shops, nicolae_square_shop,
          grunt_ministairs_12
D:4:      layout_layer_cave, mainiacjoe_overflow_alcove_1,
          mainiacjoe_overflow_24_doors, chei_slow_surprise,
          minmay_misc_feat_rows
D:5:      layout_rooms, nicolae_sif_muna_little_library
D:6:      layout_basic, vehumet_altar_wand_db, serial_curves, eino_curves_01,
          eino_curves_01, nicolae_elemental_shop

Skill      XL: |  1  2  3  4  5  6  7 |
---------------+----------------------+-----
Fighting       | 1 2 3 4 |  4.5
Dodging        | 3 4 5 |  5.7
Spellcasting   | 3 4 |  4.3
Stealth        | |  1.5

Action                   |  1- 3 |  4- 6 |  7- 9 || total
-------------------------+-------+-------+-------++-------
 Cast: Foxfire           |   104 |   259 |   100 ||   463
  Use: Potion            |       |       |     1 ||     1
Armor: Robe              |     4 |    14 |     3 ||    21
Dodge: Dodged            |    17 |    33 |     6 ||    56
